 Dungeon Crawl Stone Soup version 0.25-a0-73-g9796ba8d15 (webtiles) character file.

Game seed: 7827701227175187051, levelgen mode: deterministic

245438 Flugkiller the Earth Mage (level 19, -8/124 HPs)
             Began as an Octopode Conjurer on Nov 5, 2019.
             Was the Champion of Vehumet.
             Shot with a bolt by a yaktaur captain (48 damage)
             ... on level 1 of the Vaults.
             The game lasted 01:39:40 (54384 turns).

Flugkiller the Earth Mage (Octopode Conjurer)      Turns: 54384, Time: 01:39:40

Health: -8/124     AC:  2    Str:  8    XL:     19   Next: 93%
Magic:  43/54      EV: 26    Int: 29    God:    Vehumet [******]
Gold:   3689       SH:  0    Dex: 14    Spells: 4/51 levels left

rFire    . . .     SeeInvis +   b - staff of power
rCold    + . .     Gourm    +   (no shield)
rNeg     + + .     Faith    .   Y - +1 hat {SInv}
rPois    +         Spirit   .   w - amulet "Sohih" {Gourm rN+ Int+4}
rElec    .         Reflect  .   m - ring of protection from fire
rCorr    .         Harm     .   M - ring of positive energy
MR       +++..     Clarity  +   Z - +2 ring of intelligence
Stlth    ++++......             L - ring of ice
HPRegen  0.30/turn              S - ring of protection from magic
MPRegen  0.34/turn              X - +4 ring of evasion
                                V - ring of protection from magic
                                U - ring of poison resistance

@: no status effects
A: almost no armour, stealthy swim, amphibious, 8 rings, constrict 8, camouflage
1, see invisible, clarity, gelatinous body 1, MP-powered wands
}: 1/15 runes: decaying
a: Renounce Religion


You were on level 1 of the Vaults.
You worshipped Vehumet.
Vehumet was exalted by your worship.
You were completely stuffed.

You visited 7 branches of the dungeon, and saw 34 of its levels.
You also visited: Ossuary and Volcano.

You collected 3689 gold pieces.

Inventory:

Hand Weapons
 K - a +0 dire flail
   (You took it off an ironbrand convoker on level 1 of the Vaults)
 T - the +8 trident "Jouf" {holy, Int+2}
   (You found it on level 1 of the Swamp)

   It has been blessed by the Shining One to cause great damage to the undead
   and demons.
   It affects your intelligence (+2).
Armour
 n - a +0 shield
   (You found it on level 6 of the Dungeon)
 Y - a +1 hat of see invisible (worn)
   (You took it off Gastronok on level 1 of the Orcish Mines)
Magical Staves
 b - an uncursed staff of power (weapon)
   (You took it off a centaur on level 7 of the Dungeon)
Jewellery
 m - a ring of protection from fire (left tentacle)
   (You found it on level 3 of the Dungeon)
 u - an uncursed ring of protection from fire
   (You took it off a deep elf demonologist on level 1 of the Elven Halls)
 w - the amulet "Sohih" (around mantle) {Gourm rN+ Int+4}
   (You took it off a deep elf high priest on level 3 of the Elven Halls)

   [amulet of the gourmand]

   It allows you to eat raw meat even when not hungry.
   It affects your intelligence (+4).
   It protects you from negative energy.
 z - the amulet "Oseaxo" {RegenMP rElec rPois rC+}
   (You took it off a deep elf sorcerer on level 3 of the Elven Halls)

   [amulet of magic regeneration]

   It increases your magic regeneration.
   It protects you from cold.
   It insulates you from electricity.
   It protects you from poison.
 L - a ring of ice (on tentacle)
   (You found it on level 1 of the Lair of Beasts)
 M - a ring of positive energy (right tentacle)
   (You found it on level 3 of the Lair of Beasts)
 S - a ring of protection from magic (on tentacle)
   (You took it off a centaur on level 15 of the Dungeon)
 U - a ring of poison resistance (on tentacle)
   (You found it on level 1 of the Snake Pit)
 V - a ring of protection from magic (on tentacle)
   (You found it on level 2 of the Swamp)
 X - a +4 ring of evasion (on tentacle)
   (You found it on level 4 of the Swamp)
 Z - a +2 ring of intelligence (on tentacle)
   (You found it on level 4 of the Swamp)
Wands
 r - a wand of iceblast (16)
   (You found it on level 10 of the Dungeon)
 t - a wand of digging (7)
   (You found it on level 3 of the Elven Halls)
 x - a wand of disintegration (17)
   (You found it on level 5 of the Lair of Beasts)
 C - a wand of clouds (9)
   (You took it off Joseph on level 8 of the Dungeon)
 E - a wand of acid (6)
   (You found it on level 9 of the Dungeon)
 G - a wand of paralysis (22)
   (You found it on level 9 of the Dungeon)
 H - a wand of enslavement (13)
   (You found it on level 9 of the Dungeon)
Scrolls
 c - 4 scrolls of amnesia
 g - 8 scrolls of fog
 h - 5 scrolls of magic mapping
 k - 2 scrolls of fear
 l - 22 scrolls of remove curse
 p - 6 scrolls of enchant armour
 y - a scroll of silence {unknown}
 A - a scroll of blinking
 F - 13 scrolls of identify
 P - 3 scrolls of vulnerability
 R - 10 scrolls of teleportation
Potions
 e - 7 potions of haste
 f - 9 potions of curing
 i - 2 potions of agility
 j - 5 potions of ambrosia
 o - 4 potions of magic
 q - 5 potions of lignification
 s - 7 potions of brilliance
 v - 3 potions of invisibility
 B - 7 potions of mutation
 D - 3 potions of resistance
 I - a potion of heal wounds
 N - 4 potions of might
 W - a potion of cancellation
Miscellaneous
 J - a lamp of fire
   (You found it on level 1 of the Lair of Beasts)
Comestibles
 a - 14 chunks of flesh
 d - 15 rations


   Skills:
 - Level 9.0 Fighting
 - Level 13.0 Dodging
 - Level 4.0 Stealth
 - Level 16.7 Spellcasting
 - Level 15.7 Conjurations
 - Level 4.0 Hexes
 + Level 4.1 Charms
 - Level 7.4 Ice Magic
 + Level 4.1 Air Magic
 - Level 17.0 Earth Magic
 - Level 5.0 Evocations


You had 4 spell levels left.
You knew the following spells:

 Your Spells              Type           Power        Failure   Level  Hunger
a - Magic Dart            Conj           ####         0%          1    None
b - Deflect Missiles      Chrm/Air       #####.....   45%         6    ###....
c - Ozocubu's Refrigerat  Ice            #######...   4%          6    ###....
d - Iskenderun's Mystic   Conj           #######.     1%          4    None
e - Fulminant Prism       Conj/Hex       ######....   1%          4    None
f - Iron Shot             Conj/Erth      #######...   1%          6    ###....
g - Orb of Destruction    Conj           #######...   1%          7    #####..
h - Bolt of Cold          Conj/Ice       #######...   1%          6    ###....
i - Irradiate             Conj/Tmut      ######....   1%          5    None
r - Blink                 Tloc           N/A          2%          2    None

Your spell library contained the following spells:

 Spells                   Type           Power        Failure   Level  Hunger
 Lehudib's Crystal Spear  Conj/Erth      #######...   4%          8    ######.
 Chain Lightning          Conj/Air       ######....   45%         8    ######.
 Tornado                  Air            #####.....   100%        9    #######
 Sandblast                Erth           ######       0%          1    None
 Searing Ray              Conj           ######       0%          2    None
 Stone Arrow              Conj/Erth      ######       0%          3    None
 Animate Skeleton         Necr           N/A          1%          1    None
 Corona                   Hex            #####..      1%          1    None
 Freeze                   Ice            ####         1%          1    None
 Pain                     Necr           ###.         1%          1    None
 Shock                    Conj/Air       ####         1%          1    None
 Summon Small Mammal      Summ           ###.         1%          1    None
 Ensorcelled Hibernation  Hex/Ice        ######       1%          2    None
 Slow                     Hex            #####...     1%          2    None
 Throw Flame              Conj/Fire      ######       1%          2    None
 Throw Frost              Conj/Ice       ######       1%          2    None
 Conjure Flame            Conj/Fire      ######..     1%          3    None
 Dazzling Spray           Conj/Hex       ######       1%          3    None
 Inner Flame              Hex/Fire       #####...     1%          3    None
 Mephitic Cloud           Conj/Pois/Air  ######..     1%          3    None
 Ozocubu's Armour         Chrm/Ice       ######..     1%          3    None
 Force Lance              Conj/Tloc      ######..     1%          4    None
 Leda's Liquefaction      Hex/Erth       ######....   1%          4    None
 Throw Icicle             Conj/Ice       #######.     1%          4    None
 Call Imp                 Summ           ###.....     2%          2    None
 Portal Projectile        Hex/Tloc       #####.       2%          3    None
 Regeneration             Chrm/Necr      #####.....   2%          3    None
 Summon Guardian Golem    Hex/Summ       #####...     2%          3    None
 Cause Fear               Hex            #####.....   3%          4    None
 Summon Ice Beast         Ice/Summ       ######..     4%          4    None
 Call Canine Familiar     Summ           ###.....     5%          3    None
 Gell's Gravitas          Tloc           ###.......   5%          3    None
 Lesser Beckoning         Tloc           ###.......   5%          3    None
 Recall                   Summ/Tloc      N/A          5%          3    None
 Teleport Other           Tloc           ###.....     5%          3    None
 Vampiric Draining        Necr           ###.......   5%          3    None
 Summon Lightning Spire   Summ/Air       #####...     8%          4    None
 Animate Dead             Necr           N/A          19%         4    None
 Bolt of Magma            Conj/Fire/Erth ######....   1%          5    None
 Borgnjor's Vile Clutch   Necr/Erth      ######....   1%          5    None
 Bolt of Fire             Conj/Fire      ######....   3%          6    ###....
 Yara's Violent Unravell  Hex/Tmut       #####.....   6%          5    None
 Statue Form              Tmut/Erth      ######...    9%          6    ###....
 Silence                  Hex/Air        #####.....   10%         5    None
 Spellforged Servitor     Conj/Summ      ######....   17%         7    #####..
 Shatter                  Erth           #######...   41%         9    #######
 Darkness                 Hex            #####.....   47%         6    ###....
 Shadow Creatures         Summ           N/A          96%         6    ###....
 Discord                  Hex            #####.....   100%        8    ######.


Dungeon Overview and Level Annotations

Branches:
Dungeon (15/15)            Temple (0/1) D:5            Lair (6/6) D:11
  Swamp (4/4) Lair:2        Snake (3/4) Lair:4        Slime (0/5) Lair:5
    Orc (2/2) D:9             Elf (3/3) Orc:2        Vaults (1/5) D:13
 Depths (0/5) D:15        Ossuary (visited)         Volcano (visited)

Altars:
Cheibriados
Fedhas
Gozag
Hepliaklqana
Kikubaaqudgha
Makhleb
Nemelex Xobeh
Qazlal
Ru
Sif Muna
Uskayaw
Vehumet
Xom
The Shining One

Shops:
D:5 (   Orc:2 (:*[(   Elf:2 *   Snake:1 (

Annotations:
Elf:1 2 transporters, Neulin's ghost, veteran TrFi
Elf:2 2 runed translucent doors


Innate Abilities, Weirdness & Mutations

You cannot wear most types of armour.
You are very stealthy in the water. (Stealth+)
You are amphibious.
You can wear up to eight rings at the same time.
You can use your tentacles to constrict eight enemies at once.
Your skin changes colour to match your surroundings (Stealth+).
Your rubbery body absorbs attacks. (AC +1, EV +1)
You have supernaturally acute eyesight. (SInv)
You possess an exceptional clarity of mind.
You expend magic power (3 MP) to strengthen your wands.


Message History

A yaktaur captain and a simulacrum come into view.
You hear a shout!
The yaktaur captain shouts!
You hear a shout! x4
The yaktaur captain wields a +0 arbalest.
The yaktaur captain shoots a bolt.
The bolt hits you!!
A yaktaur comes into view. x2
There are monsters nearby!
Casting: Iron Shot (safe; 1% risk of failure)
Confirm with . or Enter, or press ? or * to list all spells.
Aiming: Bolt of Cold (safe; 1% risk of failure)
Press: ? - help, Shift-Dir - straight line, f - yaktaur captain
Aim: a yaktaur captain, wielding a +0 arbalest You feel a surge of power!
The bolt of cold hits the yaktaur!!!
You kill the yaktaur!
Vehumet accepts your kill.
You feel your power returning.
The bolt of cold hits the yaktaur captain!!!
The yaktaur captain is severely wounded.
A yaktaur comes into view.
The yaktaur wields a +0 arbalest.
The yaktaur shoots a bolt.
The bolt completely misses you.
A yaktaur comes into view.
Casting: Bolt of Cold (safe; 1% risk of failure)
Confirm with . or Enter, or press ? or * to list all spells.
Aiming: Bolt of Cold (safe; 1% risk of failure)
Press: ? - help, Shift-Dir - straight line, f - yaktaur
Aim: a yaktaur You feel a surge of power!
The bolt of cold hits the yaktaur!!!
The yaktaur is almost dead.
The bolt of cold hits the yaktaur!!!
You kill the yaktaur!
Vehumet accepts your kill.
You feel your power returning.
The yaktaur wields a +0 arbalest.
The yaktaur shoots a bolt.
The bolt barely misses you.
A cyclops comes into view.
The yaktaur shoots a bolt.
The bolt hits you!
Casting: Bolt of Cold (safe; 1% risk of failure)
Confirm with . or Enter, or press ? or * to list all spells.
Aiming: Bolt of Cold (safe; 1% risk of failure)
Press: ? - help, Shift-Dir - straight line, f/p - yaktaur
Aim: a yaktaur, wielding a +0 arbalest (almost dead)
Okay, then.
You see here a bolt.
Unknown command.
The yaktaur shoots a bolt.
The bolt hits you!!
The yaktaur captain shoots a bolt.
The bolt hits you!!
* * * LOW HITPOINT WARNING * * *
There is an open door, spattered with blood here.
You see here a bolt.
The yaktaur captain shoots a bolt.
The bolt hits you!!!
You die...

#........'...)...)..#
#......
##########..........#
#...... #.......)..#
#...... #..........#
#...... #........(.#
#......
#######'##'#(############
............())..........
.................).(.....
........@................
#######(#################
#...# #.#(# #.(.# #)###
##########


cc. #......... #)#c #......... .C... #......... You could see a yaktaur captain.

Vanquished Creatures
  Rupert (Orc:2)
  A tentacled monstrosity (Swamp:1)
  3 deep elf master archers (Elf:3)
  Gastronok (Orc:1)
  Agnes (D:15)
  2 thorn hunters
  Roxanne (D:15)
  2 orc warlords
  6 deep elf sorcerers (Elf:3)
  8 deep elf elementalists (Elf:3)
  4 deep elf demonologists
  A stone giant (Orc:1)
  A red draconian (Volcano)
  7 deep elf annihilators (Elf:3)
  A dire elephant (D:15)
  The ghost of Afaug the Harbinger of Death, a journeyman MiFi of Yredelemnul (Lair:4)
  Josephine (D:15)
  2 deep elf death magi (Elf:3)
  3 yaktaur captains (Vaults:1)
  A great orb of eyes (D:15)
  6 deep elf high priests
  2 ghost crabs (Swamp:2)
  24 hydras
  An ice dragon (Vaults:1)
  Harold (D:8)
  3 naga warriors
  2 shambling mangroves
  2 vault guards (D:13)
  2 anacondas
  13 alligators
  2 centaur warriors
  6 two-headed ogres
  5 death yaks (Lair:5)
  A queen ant (Lair:3)
  An ogre mage (Volcano)
  3 naga sharpshooters
  A tengu warrior (Swamp:1)
  12 dancing weapons
  3 shock serpents (Snake:2)
  Urug (D:11)
  4 orc high priests (Orc:2)
  Nergalle (D:11)
  13 deep elf knights
  3 skeletal warriors (Vaults:1)
  2 salamander mystics
  A small abomination (Elf:3)
  A wizard (D:13)
  A glowing orange brain (shapeshifter) (Elf:2)
  5 spriggan druids
  10 swamp dragons
  4 unseen horrors
  3 naga ritualists
  4 ironbrand convokers (Vaults:1)
  16 deep elf archers
  6 orc knights
  48 deep elf magi
  3 necromancers
  3 oklob plants
  A wolf spider (Vaults:1)
  12 ugly things
  5 mana vipers
  5 orc sorcerers
  2 manticores
  10 salamanders
  4 cyclopes
  Joseph (D:8)
  A torpor snail (Lair:5)
  2 guardian serpents (D:9)
  2 vault sentinels (Vaults:1)
  28 black mambas
  A black mamba (shapeshifter) (D:15)
  7 elephants (Lair:6)
  6 naga magi
  2 centaur skeletons
  18 spiny frogs
  A freezing wraith (Vaults:1)
  A rime drake (Lair:3)
  10 yaktaurs
  8 komodo dragons
  7 trolls
  A tengu conjurer (Swamp:2)
  A polar bear (Lair:4)
  A queen bee (shapeshifter) (Vaults:1)
  A wind drake (shapeshifter) (Elf:3)
  8 tyrant leeches
  12 hornets
  7 bog bodies
  17 slime creatures
  21 blink frogs
  A hippogriff (shapeshifter) (D:13)
  11 hippogriffs
  A meliai zombie (D:15)
  3 dream sheep (Lair:5)
  A fire giant simulacrum (Vaults:1)
  2 shadows
  2 water elementals
  3 wyverns
  6 wraiths
  37 yaks
  2 fire elementals
  7 spriggans
  A fire bat (D:7)
  18 humans (D:13)
  3 hungry ghosts
  2 basilisks
  31 vampire mosquitoes
  Edmund (D:5)
  21 nagas
  Menkaure (D:6)
  12 swamp worms
  6 wargs
  An acid dragon (D:12)
  11 water moccasins
  20 soldier ants
  9 insubstantial wisps
  6 porcupines
  38 orc warriors
  6 sky beasts
  19 swamp drakes
  5 ice beasts
  3 phantoms
  3 eyes of draining
  3 necrophages
  A black bear (D:12)
  6 ogres
  6 wolves (Lair:2)
  19 centaurs
  10 crocodiles
  7 big kobolds
  Blork the orc (D:6)
  13 bullfrogs
  An earth elemental (Elf:3)
  5 scorpions
  A wyvern skeleton (D:13)
  A water moccasin skeleton (D:4)
  5 wights (D:7)
  17 killer bees
  6 howler monkeys (D:7)
  6 centaur zombies
  10 crimson imps
  A bullfrog zombie (D:8)
  6 hounds
  A human zombie (Ossuary)
  3 quasits
  25 orc priests
  4 bullfrog skeletons
  12 jellies
  Crazy Yiuf (D:7)
  2 hell rats (Lair:5)
  4 iguanas
  34 orc wizards
  28 worker ants
  Natasha (D:2)
  4 polar bear simulacra (D:11)
  2 yak simulacra (D:11)
  2 wolf simulacra (D:11)
  A hound skeleton (D:9)
  4 mummies (Ossuary)
  A worker ant zombie (D:9)
  13 gnolls
  7 river rats (Lair:5)
  6 adders
  2 shadow imps
  14 oozes
  A worm zombie (D:6)
  3 adder skeletons
  A worm (D:4)
  A dart slug (D:1)
  5 leopard geckos
  102 orcs
  9 bats
  3 giant cockroaches
  5 goblins
  6 hobgoblins
  16 jackals
  39 kobolds
  5 quokkas
  A ball python (D:2)
  9 frilled lizards
  A gnoll zombie (Ossuary)
  A hobgoblin zombie (D:6)
  2 kobold zombies (Ossuary)
  A leopard gecko zombie (D:7)
  An orc zombie (Ossuary)
  A quokka skeleton (D:7)
  11 rats
  3 river rat simulacra (D:11)
  A crawling corpse (Elf:2)
  4 fungi
  7 plants
1298 creatures vanquished.

Vanquished Creatures (others)
  An alligator (Swamp:1)
  3 dream sheep (Lair:5)
  199 fulminant prisms
  12 fungi
  6 plants
221 creatures vanquished.

Grand Total: 1519 creatures vanquished

Notes
Turn   | Place    | Note
-------+----------+-------------------------------------------
     0 | D:1      | Flugkiller the Octopode Conjurer began the quest for the
                  | Orb.
     0 | D:1      | Reached XP level 1. HP: 11/11 MP: 3/3
    80 | D:1      | Reached XP level 2. HP: 9/17 MP: 1/5
   502 | D:1      | Reached skill level 1 in Fighting
   802 | D:1      | Reached XP level 3. HP: 23/23 MP: 4/6
  1365 | D:2      | Learned a level 2 spell: Searing Ray
  1369 | D:2      | Learned a level 3 spell: Dazzling Spray
  1720 | D:2      | Reached XP level 4. HP: 26/28 MP: 0/8
  2240 | D:2      | Found a radiant altar of Vehumet.
  2249 | D:2      | Became a worshipper of Vehumet
  2337 | D:2      | Noticed Natasha
  2367 | D:2      | Killed Natasha
  2367 | D:2      | Reached XP level 5. HP: 14/33 MP: 0/9
  2681 | D:2      | Learned a level 4 spell: Iskenderun's Mystic Blast
  2739 | D:3      | Reached skill level 5 in Conjurations
  3398 | D:3      | Found a burning altar of Makhleb.
  3481 | D:3      | Reached * piety under Vehumet
  3481 | D:3      | Offered knowledge of Shock by Vehumet.
  3529 | D:3      | Reached XP level 6. HP: 38/38 MP: 6/11
  3863 | D:4      | Found an ancient bone altar of Kikubaaqudgha.
  3909 | D:4      | Found a hazy altar of Hepliaklqana.
  4265 | D:4      | Noticed a phantom
  4411 | D:4      | Killed a phantom
  4660 | D:4      | Reached XP level 7. HP: 43/43 MP: 4/13
  4835 | D:4      | Found a sparkling altar of Nemelex Xobeh.
  4972 | D:4      | Learned a level 4 spell: Fulminant Prism
  5003 | D:5      | Entered Level 5 of the Dungeon
  5082 | D:5      | Reached skill level 1 in Hexes
  5149 | D:5      | Found a staircase to the Ecumenical Temple.
  5168 | D:5      | Reached skill level 5 in Spellcasting
  5180 | D:5      | Found a shimmering blue altar of Sif Muna.
  5537 | D:5      | Found Teank's Weapon Shop.
  5570 | D:5      | Found a stormy altar of Qazlal.
  5584 | D:5      | Noticed an air elemental
  5588 | D:5      | Noticed a water elemental
  5598 | D:5      | Noticed a fire elemental
  6043 | D:5      | Found a shimmering altar of Xom.
  6104 | D:5      | Noticed Edmund
  6170 | D:5      | Killed Edmund
  6170 | D:5      | Reached XP level 8. HP: 46/46 MP: 1/15
  6644 | D:6      | Offered knowledge of Flame Tongue by Vehumet.
  6708 | D:6      | Reached ** piety under Vehumet
  6766 | D:6      | Noticed Blork the orc
  6768 | D:6      | Noticed Menkaure
  6777 | D:6      | Killed Blork the orc
  6783 | D:6      | Killed Menkaure
  6953 | D:6      | Found a glowing golden altar of the Shining One.
  7078 | D:6      | Found a sand-covered staircase.
  7092 | Ossuary  | Entered an ossuary
  8318 | D:7      | Offered knowledge of Stone Arrow by Vehumet.
  8318 | D:7      | Reached XP level 9. HP: 47/54 MP: 12/16
  8327 | D:7      | Reached *** piety under Vehumet
  8327 | D:7      | Reached skill level 5 in Dodging
  9365 | D:7      | Offered knowledge of Airstrike by Vehumet.
  9379 | D:7      | Reached skill level 10 in Conjurations
  9806 | D:7      | Reached XP level 10. HP: 63/63 MP: 3/17
 10319 | D:7      | Found a runed translucent door.
 10320 | D:7      | Noticed Crazy Yiuf
 10339 | D:7      | Killed Crazy Yiuf
 10493 | D:8      | Noticed Harold
 10502 | D:8      | Noticed Joseph
 10504 | D:8      | Reached **** piety under Vehumet
 10511 | D:8      | Killed Joseph
 10511 | D:8      | Killed Harold
 10548 | D:8      | Offered knowledge of Olgreb's Toxic Radiance by Vehumet.
 10805 | D:8      | Found an opulent altar of Gozag.
 10898 | D:8      | Found a snail-covered altar of Cheibriados.
 10903 | D:8      | Found a blossoming altar of Fedhas.
 10906 | D:8      | Found a hide-covered altar of Uskayaw.
 11146 | D:9      | Reached skill level 5 in Fighting
 11146 | D:9      | Reached skill level 1 in Evocations
 11258 | D:9      | Noticed a guardian serpent
 11265 | D:9      | Killed a guardian serpent
 11368 | D:9      | guardian serpent, an appropriate enemy for d:9
 11561 | D:9      | Found a staircase to the Orcish Mines.
 11988 | D:9      | Noticed a guardian serpent
 12002 | D:9      | Gained mutation: You expend magic power (3 MP) to
                  | strengthen your wands. [potion of mutation]
 12002 | D:9      | Gained mutation: You have supernaturally acute eyesight.
                  | (SInv) [potion of mutation]
 12002 | D:9      | Gained mutation: You possess an exceptional clarity of
                  | mind. [potion of mutation]
 12008 | D:9      | Killed a guardian serpent
 12008 | D:9      | Reached XP level 11. HP: 63/71 MP: 18/18
 12211 | D:9      | Noticed a two-headed ogre
 12228 | D:9      | Killed a two-headed ogre
 12493 | D:10     | Entered Level 10 of the Dungeon
 12554 | D:10     | Reached skill level 5 in Evocations
 13054 | D:10     | Noticed an unseen horror
 13307 | D:10     | Reached ***** piety under Vehumet
 13321 | D:10     | Killed an unseen horror
 13476 | D:10     | Offered knowledge of Irradiate by Vehumet.
 13483 | D:10     | Learned a level 5 spell: Irradiate
 13543 | D:10     | Noticed a four-headed hydra
 13548 | D:10     | Killed a four-headed hydra
 14129 | D:11     | Noticed Urug
 14342 | D:11     | Killed Urug
 14342 | D:11     | Reached XP level 12. HP: 66/77 MP: 22/22
 14648 | D:11     | Noticed Nergalle
 14660 | D:11     | Killed Nergalle
 14895 | D:11     | Found a staircase to the Lair.
 14932 | D:11     | Learned a level 6 spell: Iron Shot
 15224 | D:11     | Reached skill level 2 in Earth Magic
 15313 | D:11     | Reached skill level 3 in Earth Magic
 15777 | Lair:1   | Entered Level 1 of the Lair of Beasts
 15783 | Lair:1   | Reached skill level 4 in Earth Magic
 15980 | Lair:1   | Reached skill level 5 in Earth Magic
 16643 | Lair:1   | Reached skill level 6 in Earth Magic
 16662 | Lair:1   | Offered knowledge of Lightning Bolt by Vehumet.
 17425 | Lair:2   | Reached skill level 7 in Earth Magic
 17427 | Lair:2   | Found a shimmering altar of Xom.
 17427 | Lair:2   | Found a staircase to the Swamp.
 17917 | Lair:2   | Reached XP level 13. HP: 81/81 MP: 15/26
 18368 | Lair:2   | Reached skill level 8 in Earth Magic
 20121 | Lair:3   | Reached skill level 10 in Spellcasting
 20121 | Lair:3   | Reached skill level 9 in Earth Magic
 20745 | Lair:4   | Found a staircase to the Snake Pit.
 20871 | Lair:4   | Found a runed translucent door.
 20871 | Lair:4   | Noticed Afaug's ghost (journeyman MiFi)
 20927 | Lair:4   | Found a dark tunnel.
 20932 | Volcano  | Entered a volcano
 21220 | Volcano  | Noticed a red draconian
 21232 | Volcano  | Killed a red draconian
 21232 | Volcano  | Reached skill level 10 in Earth Magic
 21413 | Lair:4   | You fall into a shaft and drop 2 floors!
 21413 | Lair:6   | Entered Level 6 of the Lair of Beasts
 22061 | Lair:5   | Reached XP level 14. HP: 42/88 MP: 14/29
 22173 | Lair:5   | Found a staircase to the Slime Pits.
 23228 | Lair:4   | Offered knowledge of Orb of Destruction by Vehumet.
 23241 | Lair:4   | Learned a level 7 spell: Orb of Destruction
 23707 | Lair:4   | Killed Afaug's ghost
 23741 | Lair:4   | Identified Spellcasting in Simple Steps
 24232 | Lair:6   | Identified the +7 great mace "Caurul" {crush, +Blink +Inv
                  | Str+3 SInv} (You found it on level 6 of the Lair of Beasts)
 25657 | D:12     | Found a sacrificial altar of Ru.
 26522 | D:13     | Offered knowledge of Conjure Ball Lightning by Vehumet.
 27772 | D:13     | Reached XP level 15. HP: 92/92 MP: 25/33
 27918 | D:13     | Reached skill level 15 in Spellcasting
 28316 | D:13     | Found a gate to the Vaults.
 29097 | D:14     | Reached skill level 10 in Dodging
 29714 | D:15     | Entered Level 15 of the Dungeon
 29717 | D:15     | Noticed Agnes
 29720 | D:15     | Killed Agnes
 29903 | D:15     | Reached ****** piety under Vehumet
 30015 | D:15     | Offered knowledge of Bolt of Fire by Vehumet.
 30259 | D:15     | Identified Roxanne's Tome of Clay
 30259 | D:15     | Noticed Roxanne
 30284 | D:15     | Killed Roxanne
 30547 | D:15     | Found a staircase to the Depths.
 30678 | D:15     | Noticed Josephine
 30687 | D:15     | Killed Josephine
 30968 | Swamp:1  | Entered Level 1 of the Swamp
 31942 | Swamp:1  | Reached XP level 16. HP: 103/103 MP: 35/35
 31944 | Swamp:1  | Noticed a thorn hunter
 32263 | Swamp:1  | Killed a thorn hunter
 33008 | Swamp:1  | Got a fine trident
 33009 | Swamp:1  | Identified the +8 trident "Jouf" {holy, Int+2} (You found
                  | it on level 1 of the Swamp)
 33035 | Swamp:1  | Noticed a tentacled monstrosity
 33040 | Swamp:1  | Killed a tentacled monstrosity
 34103 | Swamp:2  | Offered knowledge of Bolt of Cold by Vehumet.
 34119 | Swamp:2  | Learned a level 6 spell: Bolt of Cold
 34497 | Swamp:2  | Learned a level 2 spell: Blink
 35318 | Swamp:3  | Reached skill level 1 in Ice Magic
 35741 | Snake:1  | Entered Level 1 of the Snake Pit
 36478 | Snake:1  | Reached XP level 17. HP: 112/112 MP: 16/37
 36831 | Snake:1  | Found Qoysacoq's Weapon Shoppe.
 37214 | Snake:2  | Reached skill level 5 in Ice Magic
 37396 | Snake:2  | Offered knowledge of Ozocubu's Refrigeration by Vehumet.
 37411 | Snake:1  | Learned a level 6 spell: Ozocubu's Refrigeration
 38952 | Snake:3  | Reached skill level 15 in Conjurations
 39304 | Orc:1    | Entered Level 1 of the Orcish Mines
 39329 | Orc:1    | Noticed Gastronok
 39595 | Orc:1    | Killed Gastronok
 39956 | Orc:2    | Entered Level 2 of the Orcish Mines
 39956 | Orc:2    | Found Ilien's Weapon Shop.
 39956 | Orc:2    | Found a staircase to the Elven Halls.
 39970 | Orc:2    | Offered knowledge of Lehudib's Crystal Spear by Vehumet.
 39970 | Orc:2    | Offered knowledge of Chain Lightning by Vehumet.
 39970 | Orc:2    | Offered knowledge of Tornado by Vehumet.
 40435 | Orc:2    | Noticed Rupert
 40982 | Orc:2    | Paralysed by Rupert for 2 turns
 41848 | Orc:2    | Killed Rupert
 42059 | Orc:2    | Found Kanaibboo's Antique Armour Shoppe.
 42060 | Orc:2    | Found Coipudgh's Antique Weapon Shoppe.
 42061 | Orc:2    | Found Kuusk's General Store.
 42061 | Orc:2    | Found Hefar's Book Emporium.
 42276 | Elf:1    | Entered Level 1 of the Elven Halls
 42978 | Swamp:4  | Entered Level 4 of the Swamp
 42990 | Swamp:4  | Reached skill level 11 in Earth Magic
 43160 | Swamp:4  | Found a sacrificial altar of Ru.
 43520 | Swamp:4  | Reached XP level 18. HP: 118/118 MP: 4/38
 43617 | Swamp:4  | Reached skill level 12 in Earth Magic
 44114 | Swamp:4  | Got a decaying rune of Zot
 44588 | Vaults:1 | Entered Level 1 of the Vaults
 45139 | Orc:2    | Reached skill level 13 in Earth Magic
 45358 | Elf:1    | Identified the Handbook of Summoning
 45614 | Elf:1    | Noticed Neulin's ghost (veteran TrFi)
 45628 | Elf:1    | Reached skill level 14 in Earth Magic
 45634 | Elf:1    | Found a transporter.
 45747 | Elf:1    | Found a transporter.
 46227 | Elf:1    | Found the +7 pair of quick blades "Gyre" and "Gimble"
                  | {protect}
 46617 | Elf:2    | Found Quacun's General Store.
 47577 | Elf:2    | Reached skill level 15 in Earth Magic
 47942 | Elf:2    | Found a runed translucent door.
 47966 | Elf:2    | Found a runed translucent door.
 48169 | Elf:3    | Entered Level 3 of the Elven Halls
 48846 | Elf:3    | Reached XP level 19. HP: 52/124 MP: 25/39
 49440 | Elf:3    | Identified the +7 hand axe "Vaor" {flame, rN+ Dex-4 SInv
                  | Stlth+}
 49614 | Elf:3    | Reached skill level 16 in Earth Magic
 49715 | Elf:3    | Identified the amulet "Sohih" {Gourm rN+ Int+4}
 50254 | Elf:3    | Identified the amulet "Oseaxo" {RegenMP rElec rPois rC+}
 50552 | Elf:3    | Identified the cursed +3 trident of the Hummingbird
                  | {distort, rF+ MR+}
 50854 | Elf:3    | Identified the +9 lajatang "Axozem Cef" {vamp, *Drain +Inv
                  | Str-2 Int+2 Stlth+}
 51090 | Elf:3    | Identified the Reference Book on Scorching Lightness
 52392 | Elf:3    | Reached skill level 17 in Earth Magic
 52791 | Vaults:1 | Learned a level 6 spell: Deflect Missiles
 52958 | Vaults:1 | Reached skill level 1 in Charms
 52958 | Vaults:1 | Reached skill level 1 in Air Magic
 54384 | Vaults:1 | Shot with a bolt by a yaktaur captain

Levels and vault maps discovered:
D:1:      zelgadis_glass_arrival_small, layout_basic
D:2:      layout_loops_corners, lemuel_coloured_pillars_altar,
          minmay_pentomino_o4, uniq_natasha
D:3:      layout_basic, old_standard_altar
D:4:      layout_basic, nemelex_xobeh_ov_fountains_minmay,
          overflow_temple_1_default, lemuel_crystal_altar, first_ration,
          hangedman_glass_teeth
D:5:      layout_loops_ring, nicolae_overflow_crystal_walls,
          nicolae_qazlal_style_of_elements, minmay_temple_entry_poolview,
          serial_shops, nicolae_shop_stone, led_xom_imps, uniq_edmund
D:6:      layout_gridville, overflow_temple_1_default, enter_ossuary_3,
          uniq_menkaure, uniq_blork_the_orc
D:7:      minmay_evil_eye, layout_basic, uniq_crazy_yiuf_cottage
D:8:      layout_rooms, grunt_temple_overflow_cloverleaf, grunt_pizzeria,
          uniq_harold, uniq_joseph
D:9:      nrook_guardian_serpent_snake_passage, layout_basic,
          minmay_stone_trees_small, kennysheep_generic_room_8
D:10:     layout_gridville
D:11:     layout_layer_cave, dpeg_oklobed_lair, chequers_serial_rivers_room_b,
          eino_house_with_fridge, uniq_nergalle, uniq_urug
D:12:     layout_loops_ring, basic_altar
D:13:     layout_stronghold, grunt_vaults_entry_tiered
D:14:     layout_roguey, minmay_splitting_lines, drop_trap
D:15:     hangedman_depths_entry_try_elsewhere_first, layout_cave_pools,
          serial_park_gazebo [serial_park_minivault_5x5_7], serial_bayou_pond_d,
          uniq_josephine, uniq_agnes, uniq_roxanne
Lair:1:   lemuel_slime, layout_gridlike, chequers_serial_rivers_micro_d, pond,
          grunt_megastairs_1
Lair:2:   layout_layer_cave, swamp_mist_pool, basic_altar
Lair:3:   layout_regular_city, chequers_serial_rivers_small_a, minivault_29
Lair:4:   layout_long_grid, minmay_snake_entry_guardpost_small,
          nicolae_volcano_entry_s_turn, ebering_ghost_inner_flame
Lair:5:   layout_cave_pods, nicolae_slime_entry_slimehenge, kennysheep_rathole
Lair:6:   due_jungle_book, layout_cave_shapes
Swamp:1:  cheibrodos_swamp_monstrosity, layout_falls_marsh,
          nicolae_swamp_trees_clearing, st_swamp_ruins_1
Swamp:2:  layout_basic_swamp, evilmike_swamp_ruin_house_2, swamp_pool1,
          kb_tengu_band
Swamp:3:  layout_basic_swamp, serial_swamp_ruin, hangedman_swamp_ruin_hall,
          evilmike_swamp_ruin_house_5, infiniplex_staircase_pool
Swamp:4:  swamp, layout_basic_swamp, swamp_pool1, lemuel_altar_in_water
Snake:1:  layout_rooms, serial_shops, shop
Snake:2:  layout_gridlike, evilmike_ambush [evilmike_ambush_outer_doors,
          evilmike_ambush_inner_basic]
Snake:3:  layout_rooms, serial_shops, shop
Orc:1:    layout_caves, nicolae_orc_crystal_geode, uniq_jorgrun, uniq_gastronok
Orc:2:    st_orc_congregation, layout_caves, serial_shops, shop, uniq_rupert
Elf:1:    layout_gridlike, gammafunk_ghost_arena, minmay_elf_demonology,
          due_unseen_surprise
Elf:2:    layout_geoelf_octagon, serial_shops, shop, uniq_donald
Elf:3:    minmay_elf_hall_quartered_circle, layout_geoelf_diagonals
Vaults:1: v_misc_13, v_alt_pattern_2, ontoclasm_vaults_misaligned,
          nicolae_vaults_display_case, nicolae_vaults_stairing_the_circle,
          nicolae_vaults_mini_display_case, vaults_dpeg_hooks,
          hangedman_vaults_stretched_pinwheel, ontoclasm_vaults_bender,
          dpeg_vaults_monster_box, layout_vaults_big_cross, serial_glass

Skill      XL: |  1  2  3  4  5  6  7  8  9 10 11 12 13 14 15 16 17 18 19 |
---------------+----------------------------------------------------------+-----
Stealth        | 3 4 |  4.0
Fighting       | 1 3 5 7 9 |  9.0
Spellcasting   | 3 4 5 7 9 11 14 15 16 | 16.7
Conjurations   | 5 6 7 8 11 12 13 14 15 | 15.7
Hexes          | 3 4 |  4.0
Dodging        | 3 5 7 8 11 13 | 13.0
Evocations     | 3 5 |  5.0
Earth Magic    | 7 10 11 15 17 | 17.0
Ice Magic      | 3 7 |  7.4
Charms         | 4 |  4.1
Air Magic      | 4 |  4.1

Action                   |  1- 3 |  4- 6 |  7- 9 | 10-12 | 13-15 | 16-18 | 19-21 || total
-------------------------+-------+-------+-------+-------+-------+-------+-------++-------
Melee: Unarmed           |    27 |     6 |       |     3 |       |       |       ||    36
       Tentacles         |     6 |     1 |    10 |     4 |    10 |     3 |       ||    34
       Constrict         |     5 |     2 |    18 |     2 |     5 |     3 |       ||    35
       Dagger            |       |     2 |    77 |     7 |       |       |       ||    86
       Staff             |       |       |       |    27 |    38 |     3 |     1 ||    69
       Demon trident     |       |       |       |       |       |     2 |       ||     2
       Trident           |       |       |       |       |       |     3 |     1 ||     4
 Cast: Magic Dart        |    67 |   116 |   115 |    27 |    24 |    22 |       ||   371
       Searing Ray       |       |     5 |     5 |     1 |       |       |       ||    11
       Iskenderun's Myst |       |     3 |    26 |   142 |   413 |   527 |    74 ||  1185
       Dazzling Spray    |       |       |    12 |    25 |     6 |       |       ||    43
       Fulminant Prism   |       |       |    21 |    96 |    74 |     8 |       ||   199
       Irradiate         |       |       |       |    15 |     8 |     9 |    15 ||    47
       Iron Shot         |       |       |       |    16 |   124 |    66 |    56 ||   262
       Orb of Destructio |       |       |       |       |    17 |    30 |    22 ||    69
       Bolt of Cold      |       |       |       |       |       |   117 |    48 ||   165
       Ozocubu's Refrige |       |       |       |       |       |    40 |     3 ||    43
       Blink             |       |       |       |       |       |     1 |       ||     1
Evoke: Wand              |       |       |     2 |     2 |       |    15 |     1 ||    20
  Use: Scroll            |     4 |     6 |     9 |       |    12 |    13 |       ||    44
       Potion            |       |     1 |     1 |    11 |     4 |     1 |     2 ||    20
 Stab: Distracted        |     1 |       |       |     1 |       |       |       ||     2
       Sleeping          |       |       |     4 |       |       |       |       ||     4
       Petrified         |       |       |     2 |       |       |       |       ||     2
       Paralysed         |       |       |       |       |       |     3 |       ||     3
  Eat: Chunk             |     3 |     7 |     9 |    39 |    64 |    55 |    37 ||   214
       Ration            |       |     1 |     4 |     7 |     8 |    14 |     1 ||    35
Armor: Skin              |     3 |     5 |     4 |    60 |     1 |     4 |       ||    77
Dodge: Dodged            |    21 |    35 |    86 |   169 |   154 |   230 |    70 ||   765

Table legend:
 A = Non-vault XP
 B = Vault XP
 C = Vault XP percentage of total XP
 D = Non-vault monster count
 E = Vault monster count
 F = Vault count percentage of total count
                 A         B        C        D         E       F
            +---------+---------+-------+---------+---------+-------
      Total |  241381 |  152214 |  38.7 |     933 |     353 |  27.4
            +---------+---------+-------+---------+---------+-------
        D:1 |      45 |       0 |   0.0 |      24 |       0 |   0.0
        D:2 |     105 |      39 |  27.1 |      21 |       4 |  16.0
        D:3 |     207 |       0 |   0.0 |      35 |       0 |   0.0
        D:4 |     285 |       0 |   0.0 |       8 |       0 |   0.0
        D:5 |     449 |     365 |  44.8 |      18 |       5 |  21.7
        D:6 |     394 |     263 |  40.0 |      10 |       4 |  28.6
        D:7 |    2581 |     151 |   5.5 |      55 |       3 |   5.2
        D:8 |    1203 |    1573 |  56.7 |      26 |       3 |  10.3
        D:9 |    2122 |     890 |  29.5 |      27 |       2 |   6.9
       D:10 |    5766 |       0 |   0.0 |      36 |       0 |   0.0
       D:11 |    3651 |    3075 |  45.7 |      34 |      15 |  30.6
       D:12 |    4558 |       0 |   0.0 |      27 |       0 |   0.0
       D:13 |    5222 |    8241 |  61.2 |      37 |      25 |  40.3
       D:14 |   10119 |       0 |   0.0 |      44 |       0 |   0.0
       D:15 |    7294 |    9959 |  57.7 |      20 |      12 |  37.5
     Lair:1 |    2411 |    1842 |  43.3 |      10 |      25 |  71.4
     Lair:2 |    7202 |    1600 |  18.2 |      28 |       3 |   9.7
     Lair:3 |    2112 |    4328 |  67.2 |       8 |      37 |  82.2
     Lair:4 |    2232 |    1895 |  45.9 |      13 |       4 |  23.5
     Lair:5 |   12476 |     247 |   1.9 |      36 |      11 |  23.4
     Lair:6 |   11651 |    1874 |  13.9 |      34 |       4 |  10.5
    Swamp:1 |   12777 |    4284 |  25.1 |      27 |       5 |  15.6
    Swamp:2 |   18333 |     309 |   1.7 |      46 |       1 |   2.1
    Swamp:3 |   10552 |       0 |   0.0 |      28 |       0 |   0.0
    Swamp:4 |    8505 |   16575 |  66.1 |      25 |      25 |  50.0
    Snake:1 |   16655 |       0 |   0.0 |      35 |       0 |   0.0
    Snake:2 |   10948 |    7579 |  40.9 |      23 |      15 |  39.5
    Snake:3 |    3447 |       0 |   0.0 |       8 |       0 |   0.0
      Orc:1 |    4585 |    2245 |  32.9 |      24 |       1 |   4.0
      Orc:2 |    4419 |   16531 |  78.9 |      52 |      76 |  59.4
      Elf:1 |   20098 |    4865 |  19.5 |      30 |       7 |  18.9
      Elf:2 |   13006 |    4680 |  26.5 |      20 |       5 |  20.0
      Elf:3 |   18390 |   46533 |  71.7 |      28 |      32 |  53.3
   Vaults:1 |   17581 |    6283 |  26.3 |      36 |      11 |  23.4
    Ossuary |       0 |     255 | 100.0 |       0 |      12 | 100.0
    Volcano |       0 |    5733 | 100.0 |       0 |       6 | 100.0
            +---------+---------+-------+---------+---------+-------
